 Dungeon Crawl Stone Soup version 0.19-a0-291-ga637243 (webtiles) character file.

21226 Ijustatesigmund the Slinger (level 13, -1/93 HPs)
             Began as a Halfling Hunter on May 27, 2016.
             Was a Priest of Hepliaklqana.
             Slain by an orc warrior
             ... wielding a +0 battleaxe
             ... led by an orc warlord
              (8 damage)
             ... on level 2 of the Orcish Mines.
             The game lasted 01:45:21 (22248 turns).

Ijustatesigmund the Slinger (Halfling Hunter)      Turns: 22248, Time: 01:45:21

Health: -1/93      AC: 16    Str: 12    XL:     13   Next: 18%
Magic:  19/19      EV: 17    Int: 10    God:    Hepliaklqana [***...]
Gold:   399        SH:  8    Dex: 23    Spells: 0 memorised, 12 levels left

rFire  . . .     SeeInvis .     I - +5 short sword (speed)
rCold  + . .     Gourm    .     s - +2 ring mail {rC+}
rNeg   . . .     Faith    .     M - +1 buckler {reflect}
rPois  +         Spirit   .     (no helmet)
rElec  .         Dismiss  .     F - +1 cloak {rPois}
rCorr  .         Reflect  +     H - +1 pair of gloves {Dex+3}
SustAt .         Harm     .     t - +2 pair of boots
MR     .....                    v - amulet of rage
Stlth  ++++......               (no ring)
                                (no ring)

@: exhausted, very slightly contaminated, slowed, studying Fighting, very slow,
not resistant to hostile enchantments, stealthy
A: mutation resistance 1
a: Recall Ancestor, Ancestor Identity, Transference, Renounce Religion, Evoke
Berserk Rage


You were on level 2 of the Orcish Mines.
You worshipped Hepliaklqana.
Hepliaklqana was most pleased with you.
You were very hungry.

You visited 3 branches of the dungeon, and saw 15 of its levels.
You also visited: Sewer.

You collected 1174 gold pieces.
You spent 775 gold pieces at shops.

Inventory:

Hand Weapons
 a - a +2 hunting sling
 B - a +1 vampiric dagger
 I - a +5 short sword of speed (weapon)
Missiles
 d - 44 sling bullets
 e - 28 tomahawks (quivered)
 j - 278 stones
Armour
 c - a +0 leather armour
 k - a swamp dragon hide
 s - a +2 ring mail of cold resistance (worn)
 t - a +2 pair of boots (worn)
 y - the +4 leather armour "Paugeema" {rElec Str+4 Dex-3}
   (You bought it in a shop on level 10 of the Dungeon)

   It affects your strength (+4).
   It affects your dexterity (-3).
   It insulates you from electricity.
 z - the +3 leather armour of Quantum Leap {Int+5}
   (You bought it in a shop on level 10 of the Dungeon)

   It affects your intelligence (+5).
 F - a +1 cloak of poison resistance (worn)
 H - a +1 pair of gloves of dexterity (worn)
 M - a +1 buckler of reflection (worn)
Jewellery
 m - an uncursed amulet of guardian spirit
 r - an uncursed amulet of faith
 v - an amulet of rage (around neck)
Wands
 w - a wand of flame (23/48)
 J - a wand of flame (29/48)
 K - a wand of polymorph (8/24)
 O - a wand of iceblast (9/15)
Scrolls
 n - 6 scrolls of amnesia
 p - 10 scrolls of remove curse
 A - 2 scrolls of identify
 E - 2 scrolls of immolation
Potions
 g - a potion of resistance
 h - 3 potions of cancellation
 l - 4 potions of magic
 u - 4 potions of brilliance
 G - 2 potions of cure mutation
Books
 D - a manual of Fighting
Comestibles
 f - 6 bread rations
 o - 8 meat rations
 C - 5 slices of pizza
 L - 10 fruits


   Skills:
 + Level 10.3 Fighting
 - Level 10.3 Short Blades
 - Level 12.0 Slings
 - Level 6.0 Armour
 - Level 5.5 Dodging
 - Level 7.0 Stealth
 - Level 4.7 Shields
 - Level 8.6 Invocations
 - Level 6.5 Evocations


You had 12 spell levels left.
You didn't know any spells.

Dungeon Overview and Level Annotations

Branches:
Dungeon (12/15)            Temple (0/1) D:7            Lair (1/8) D:11
    Orc (2/2) D:11            Elf (0/3) Orc:2

Altars:
Cheibriados
Dithmenos
Fedhas
Gozag
Hepliaklqana
Kikubaaqudgha
Okawaru
Pakellas
Qazlal
Trog
Ukayaw
Vehumet
Xom
Yredelemnul
Zin
The Shining One
Beogh

Shops:
D:9 [[[[   D:10 ?[}[   Orc:2 *[

Annotations:
D:6 exclusion: oklob plant
D:12 Rupert


Innate Abilities, Weirdness & Mutations

You are small and have problems with some larger weapons.
You are somewhat resistant to further mutation.


Message History

The orc warrior hits you with a battleaxe.
You hit the orc warrior.
The orc warrior is lightly wounded.
You block the orc warrior's attack.
You hit the orc warrior but do no damage.
The orc warrior is lightly wounded.
The orc hits you with a flail.
The orc warrior hits you with a battleaxe!
* * * LOW HITPOINT WARNING * * *
You block the orc warrior's attack.
Your ancestor is still trapped in memory!
You hit the orc warrior but do no damage.
The orc warrior is lightly wounded.
You block the orc warrior's attack. x2
You hit the orc warrior but do no damage.
The orc warrior is lightly wounded.
The orc closely misses you. The orc warrior hits you with a glaive!
* * * LOW HITPOINT WARNING * * *
The orc warrior hits you with a battleaxe!
You die...

****,,,,,,,,,,,,,,,,,,,**##.....o
***,,,,,,,,#...*,,,,,,,,**##.....
**,,,,,,,,##8.8#*,,,,,,,,**##...#
*,,,,,,**##.....##**,,,,,,*******
,,,,,****#.......##***,,,,,**
,,,,** *.....oo..# **,,,,,**
,,,,** *..8.oo8..# **,,,,,,**
,,,,,* *....o.oo)# *,,,,,,,,*
,,,,,* *#...ooo@#* *,,,,,,,,*
8,,,,* ##..ooo## *,,,,∩,,,*
,,,,** ##8.8#* **,,,,,,,* ,,,,*
####* *,,,,,,** ,,*** ***,,,**
*** *****


You could see 5 orc warriors, an orc priest, an orc wizard and 6 orcs.

Vanquished Creatures
  Maud (D:10)
  An ettin (Orc:2)
  Erolcha (D:8)
  3 hill giants (D:10)
  4 orc knights
  2 orc sorcerers (Orc:2)
  A cyclops (Orc:2)
  2 trolls
  5 two-headed ogres (Orc:2)
  A wyvern (D:7)
  7 yaks
  A spriggan (D:10)
  Edmund (D:5)
  Menkaure (D:5)
  A warg (Orc:2)
  Duvessa (D:5)
  2 water moccasins (Lair:1)
  22 orc warriors
  2 black bears
  A necrophage (D:9)
  An eye of draining (D:10)
  An ice beast (D:7)
  A sky beast (D:10)
  3 phantoms
  7 ogres
  6 centaurs
  2 crocodiles (Lair:1)
  A wolf (D:8)
  5 big kobolds (Sewer)
  5 giant frogs
  Dowan (D:5)
  3 scorpions
  9 killer bees
  9 wights
  3 jellies
  5 hounds
  15 orc priests
  Crazy Yiuf (D:3)
  4 iguanas
  10 orc wizards
  4 worker ants
  Terence (D:3)
  2 hound zombies
  A hound skeleton (D:9)
  Robin (D:3)
  A howler monkey skeleton (D:7)
  5 river rats (Lair:1)
  13 adders
  11 white imps (D:11)
  3 oozes
  2 adder skeletons
  A worm (D:3)
  7 giant geckos
  53 orcs
  7 bats
  13 giant cockroaches
  16 goblins
  15 hobgoblins
  10 jackals
  19 kobolds
  4 quokkas
  6 ball pythons
  2 giant newts
  A jackal skeleton (D:8)
  7 rats
  A plant (Sewer)
358 creatures vanquished.

Vanquished Creatures (collateral kills)
  An unseen horror (D:11)
  2 orc knights
  2 orc sorcerers (Orc:2)
  Maurice (D:8)
  2 trolls (Orc:2)
  A wyvern (D:10)
  Grum (D:8)
  2 yaks
  4 wargs
  2 water moccasins (Lair:1)
  6 orc warriors
  2 sky beasts
  6 ogres
  A necrophage (D:10)
  A phantom (D:9)
  2 centaurs
  A wolf (D:8)
  A big kobold (D:9)
  5 giant frogs
  A gnoll sergeant (D:9)
  A wyvern skeleton (D:10)
  5 scorpions
  2 killer bees
  7 wights
  A howler monkey (D:6)
  A crimson imp (D:8)
  4 orc priests
  10 orc wizards
  2 iguanas
  A centaur skeleton (D:11)
  3 worker ants
  A worker ant zombie (D:11)
  A howler monkey skeleton (D:10)
  3 adders
  3 gnolls (D:9)
  A shadow imp (D:9)
  A white imp (D:11)
  A worm (D:6)
  44 orcs
  3 jackals
  A giant newt (D:7)
  4 kobolds (D:9)
  A fungus (Lair:1)
145 creatures vanquished.

Vanquished Creatures (others)
  The ghost of Yehuk the Thaumaturge, a novice DEFE of Ashenzari (D:7)
  11 knights
  4 ancestors
  An orc (D:7)
  5 toadstools (D:1)
22 creatures vanquished.

Grand Total: 525 creatures vanquished

Notes
Turn   | Place    | Note
--------------------------------------------------------------
     0 | D:1      | Ijustatesigmund the Halfling Hunter began the quest for the Orb.
     0 | D:1      | Reached XP level 1. HP: 14/14 MP: 1/1
    79 | D:1      | Reached skill level 6 in Slings
    80 | D:1      | Reached XP level 2. HP: 19/19 MP: 2/2
   285 | D:1      | Reached XP level 3. HP: 24/24 MP: 3/3
   829 | D:2      | Reached skill level 1 in Short Blades
   890 | D:2      | Reached XP level 4. HP: 29/29 MP: 4/4
   894 | D:2      | Found a glowing golden altar of the Shining One.
  1475 | D:2      | Found an oddly glowing altar of Pakellas.
  1534 | D:2      | Found a stormy altar of Qazlal.
  1534 | D:2      | Noticed an air elemental
  1537 | D:2      | Noticed a water elemental
  1829 | D:2      | Reached XP level 5. HP: 34/34 MP: 5/5
  2486 | D:2      | Noticed a fire elemental
  2617 | D:3      | Noticed Terence
  2640 | D:3      | Killed Terence
  2859 | D:3      | Reached skill level 5 in Short Blades
  3024 | D:3      | Reached XP level 6. HP: 39/39 MP: 6/6
  3071 | D:3      | Found a hide-covered altar to Ukayaw.
  3081 | D:3      | Found a snail-covered altar of Cheibriados.
  3081 | D:3      | Found a blossoming altar of Fedhas.
  3123 | D:3      | Noticed Robin
  3149 | D:3      | Killed Robin
  3511 | D:3      | Noticed Crazy Yiuf
  3520 | D:3      | Killed Crazy Yiuf
  3767 | D:4      | Reached skill level 7 in Slings
  3976 | D:4      | Found a radiant altar of Vehumet.
  4203 | D:4      | Noticed a phantom
  4217 | D:4      | Killed a phantom
  4217 | D:4      | Reached XP level 7. HP: 46/46 MP: 7/7
  4340 | D:4      | Found an iron altar of Okawaru.
  4342 | D:4      | Found an opulent altar of Gozag.
  4342 | D:4      | Found a glowing silver altar of Zin.
  4344 | D:4      | Found an oddly glowing altar of Pakellas.
  4344 | D:4      | Found a shadowy altar of Dithmenos.
  4345 | D:4      | Found a basalt altar of Yredelemnul.
  4431 | D:5      | Entered Level 5 of the Dungeon
  4431 | D:5      | Noticed Duvessa
  4532 | D:5      | Killed Duvessa
  4533 | D:5      | Noticed Dowan
  4545 | D:5      | You fall through a shaft!
  4560 | D:6      | Reached skill level 8 in Slings
  4603 | D:6      | Reached XP level 8. HP: 35/54 MP: 8/8
  4607 | D:6      | Found a shadowy altar of Dithmenos.
  4607 | D:6      | Noticed an oklob plant
  4750 | D:5      | Killed Dowan
  4923 | D:5      | Found a glowing drain.
  4939 | Sewer    | Entered a sewer
  5233 | Sewer    | Reached skill level 9 in Slings
  5233 | Sewer    | Reached skill level 5 in Stealth
  5572 | Sewer    | Reached skill level 5 in Fighting
  5850 | D:5      | Found a bloodstained altar of Trog.
  5850 | D:5      | Found a hazy altar of Hepliaklqana.
  5855 | D:5      | Became a worshipper of Hepliaklqana
  6012 | D:5      | Noticed Menkaure
  6023 | D:5      | Killed Menkaure
  6023 | D:5      | Reached XP level 9. HP: 39/61 MP: 9/9
  6165 | D:5      | Found an ancient bone altar of Kikubaaqudgha.
  6229 | D:5      | Noticed Edmund
  6244 | D:5      | Killed Edmund
  6244 | D:5      | Reached skill level 10 in Slings
  7207 | D:6      | Reached skill level 5 in Dodging
  7541 | D:6      | Reached * piety under Hepliaklqana
  7881 | D:6      | Reached skill level 1 in Invocations
  8681 | D:6      | Reached skill level 5 in Invocations
  8751 | D:6      | Reached XP level 10. HP: 57/68 MP: 13/13
  8851 | D:7      | Noticed Yehuk's ghost (novice DEFE)
  8865 | D:7      | Killed Yehuk's ghost
  9235 | D:7      | Found a shimmering altar of Xom.
  9301 | D:7      | Found a shimmering altar of Xom.
  9301 | D:7      | Found a shimmering altar of Xom.
  9302 | D:7      | Found a shimmering altar of Xom.
  9303 | D:7      | Found a shimmering altar of Xom.
  9303 | D:7      | Found a shimmering altar of Xom.
  9303 | D:7      | Found a shimmering altar of Xom.
  9303 | D:7      | Found a shimmering altar of Xom.
  9303 | D:7      | Found a shimmering altar of Xom.
  9370 | D:7      | Reached skill level 11 in Slings
  9446 | D:7      | Found a staircase to the Ecumenical Temple.
  9790 | D:8      | Reached ** piety under Hepliaklqana
  9791 | D:8      | Remembered your ancestor Zitor as a knight
  9916 | D:8      | Noticed Erolcha
  9940 | D:8      | Killed Erolcha
 10103 | D:8      | Noticed Grum
 10119 | D:8      | Killed Grum
 10380 | D:8      | Noticed Maurice
 10724 | D:8      | Killed Maurice
 11073 | D:9      | Found Qoyf's Antique Armour Boutique.
 11084 | D:9      | Bought a glowing cloak for 130 gold pieces
 11084 | D:9      | Bought a pair of glowing gloves for 130 gold pieces
 11106 | D:9      | Bought a shiny ring mail for 116 gold pieces
 11271 | D:9      | Reached skill level 1 in Armour
 11378 | D:9      | Found Lawan's Antique Armour Boutique.
 11458 | D:9      | Found Nunek's Antique Armour Shoppe.
 11566 | D:9      | Found Lyadefer's Armour Boutique.
 11659 | D:9      | Reached XP level 11. HP: 75/75 MP: 16/16
 11833 | D:10     | Entered Level 10 of the Dungeon
 11847 | D:10     | Found Plog's Magic Scroll Shop.
 11856 | D:10     | Bought a scroll of identify for 30 gold pieces
 11891 | D:10     | Noticed a hill giant
 11911 | D:10     | Killed a hill giant
 11923 | D:10     | Found Asecs's Antique Armour Boutique.
 12173 | D:10     | Found Ijiap's Gadget Shop.
 12440 | D:10     | Reached *** piety under Hepliaklqana
 12441 | D:10     | Found Utroeruu's Antique Armour Boutique.
 12497 | D:10     | Noticed Maud
 12834 | D:11     | Found a roughly hewn altar of Beogh.
 12860 | D:11     | Noticed an orc knight
 12870 | D:11     | Found a staircase to the Orcish Mines.
 12871 | D:11     | Noticed an orc knight
 12873 | Orc:1    | Entered Level 1 of the Orcish Mines
 12876 | Orc:2    | Entered Level 2 of the Orcish Mines
 12886 | Orc:2    | Noticed an orc high priest
 13283 | Orc:2    | Reached skill level 5 in Armour
 13815 | Orc:1    | Found a roughly hewn altar of Beogh.
 13875 | Orc:1    | Noticed a cyclops
 14529 | Orc:2    | Noticed an orc knight
 14532 | Orc:2    | Reached skill level 12 in Slings
 14638 | D:12     | Noticed a hill giant
 14657 | D:12     | Noticed Rupert
 15134 | D:10     | Bought a translucent leather armour for 126 gold pieces
 15134 | D:10     | Bought a distressingly furry leather armour for 126 gold pieces
 15184 | D:9      | Identified the +4 leather armour "Paugeema" {rElec Str+4 Dex-3} (You bought it in a shop on level 10 of the Dungeon)
 15194 | D:9      | Identified the +3 leather armour of Quantum Leap {Int+5} (You bought it in a shop on level 10 of the Dungeon)
 15768 | D:10     | Killed an orc knight
 15768 | D:10     | Reached skill level 1 in Evocations
 16219 | D:10     | Killed a hill giant
 16878 | D:10     | Noticed a hill giant
 16889 | D:10     | Killed a hill giant
 17035 | D:11     | Killed an orc knight
 17233 | D:11     | Reached **** piety under Hepliaklqana
 17239 | D:11     | Found a hide-covered altar to Ukayaw.
 17267 | D:11     | Reached XP level 12. HP: 81/81 MP: 18/18
 17347 | D:11     | Found a staircase to the Lair.
 17514 | Lair:1   | Entered Level 1 of the Lair of Beasts
 17856 | Lair:1   | Reached skill level 5 in Evocations
 18053 | Lair:1   | Noticed a seven-headed hydra
 18120 | D:11     | Killed an unseen horror
 18388 | D:10     | Killed Maud
 18388 | D:10     | Reached skill level 10 in Short Blades
 19029 | D:10     | Bought a glowing buckler for 117 gold pieces
 19135 | D:11     | Reached skill level 1 in Shields
 20147 | Orc:2    | Found a roughly hewn altar of Beogh.
 20493 | Orc:2    | Found Ziodgh's Assorted Antiques.
 20503 | Orc:2    | Found Bomoc's Armour Shoppe.
 20997 | Orc:2    | Reached XP level 13. HP: 69/90 MP: 19/19
 21407 | Orc:2    | Found a staircase to the Elven Halls.
 21923 | Orc:2    | Noticed an ettin
 21942 | Orc:2    | Killed an ettin
 21942 | Orc:2    | Reached skill level 10 in Fighting
 22176 | Orc:2    | Noticed an orc warlord
 22232 | Orc:2    | Found a roughly hewn altar of Beogh.
 22248 | Orc:2    | Slain by an orc warrior

Vault maps used:
D:1:      ldierk_walled_garden, serial_glass, glass_columns_b, glass_columns_b,
          st_stairs_8
D:2:      nicolae_qazlal_style_of_elements, nicolae_overflow_crystal_walls,
          corexii_item_surrounded_by_moat, grunt_pakellas_mercury
D:3:      minitemple, uniq_terence, uniq_robin, uniq_crazy_yiuf_cottage
D:4:      grunt_temple_overflow_open, minmay_three_crescents
D:5:      kiku_gazebo_garden_becter, gammafunk_temple_overflow_wave,
          portal_sewer_entry_f, first_bread, minmay_holes, glass_columns_b,
          uniq_menkaure, uniq_duvessa, uniq_edmund
D:6:      lemuel_oklob_altar
D:7:      xom_redecorated, minmay_temple_entry_nine_rooms
D:8:      uniq_erolcha, uniq_grum, uniq_maurice
D:9:      serial_shops, shop, shop, shop, kennysheep_mini
D:10:     serial_column_ruins, column_ruins_hut, column_ruins_hut_water,
          column_ruins_open_small, column_ruins_grid_3,
          column_ruins_columns_straight, column_ruins_corridor_water,
          column_ruins_open_small_water, serial_shops, shop, shop, shop, shop,
          grunt_pizzeria, uniq_maud
D:11:     lair_0_dummy, david_orc_5, portal_ice_cave_entry_imps, basic_altar
D:12:     dragon1_lemuel, basic_altar, lab_entry_generic, uniq_rupert
Lair:1:   cheibrodos_lair_reptile_den, lemuel_fruit_fields
Orc:1:    serial_shops, basic_altar
Orc:2:    pubby_orc_utopia, serial_shops
Sewer:    kennysheep_pipe_town

Skill      XL: |  1  2  3  4  5  6  7  8  9 10 11 12 13 |
---------------+----------------------------------------+-----
Slings         | 6 7 8 9 10 11 12 | 12.0
Fighting       | 2 3 4 5 6 7 8 10 | 10.3
Short Blades   | 2 3 5 7 8 10 | 10.3
Stealth        | 2 4 5 6 7 |  7.0
Dodging        | 3 5 |  5.5
Invocations    | 5 7 8 |  8.6
Armour         | 2 6 |  6.0
Evocations     | 4 6 |  6.5
Shields        | 4 |  4.7

Action                   |  1- 3 |  4- 6 |  7- 9 | 10-12 | 13-15 || total
-------------------------+-------+-------+-------+-------+-------++-------
Melee: Short sword       |    21 |   252 |   133 |   660 |   180 ||  1246
       Long sword        |       |       |       |    74 |       ||    74
       Hunting sling     |       |       |       |     2 |       ||     2
 Fire: Hunting sling     |    66 |    84 |   479 |   475 |       ||  1104
Throw: Tomahawk          |       |     1 |       |    24 |       ||    25
Invok: Recall Ancestor   |       |       |       |     7 |       ||     7
       Ancestor Life: Kn |       |       |       |     1 |       ||     1
       Idealise          |       |       |       |     2 |     2 ||     4
 Abil: Evoke Berserk Rag |       |       |       |     9 |     4 ||    13
Evoke: Wand              |       |       |     3 |     2 |     1 ||     6
  Use: Scroll            |     3 |     6 |     5 |    21 |     2 ||    37
       Potion            |       |     5 |       |    10 |     1 ||    16
 Stab: Sleeping          |     3 |     1 |     1 |     8 |       ||    13
       Distracted        |       |       |       |     6 |     2 ||     8
  Eat: Chunk             |       |    11 |     3 |    19 |     3 ||    36
       Fruit             |       |       |     3 |       |       ||     3
       Beef jerky        |       |       |     2 |       |       ||     2
       Bread ration      |       |       |     1 |     3 |       ||     4
       Meat ration       |       |       |     1 |     1 |       ||     2
       Pizza             |       |       |       |     3 |     2 ||     5
       Royal jelly       |       |       |       |     1 |       ||     1
Armor: Leather armour    |     8 |    34 |    35 |    14 |       ||    91
       Skin              |       |    14 |       |       |       ||    14
       Ring mail         |       |       |       |   168 |    14 ||   182
Dodge: Dodged            |    21 |   174 |   172 |   496 |    62 ||   925
Block: Buckler           |       |       |       |    50 |    27 ||    77
